 Dungeon Crawl Stone Soup version 0.30.1-9-gdf580d7c3d (webtiles) character file.

Game seed: 1770938390393358863

1529 eliilek the Basher (level 8, -5/96 HPs)
             Began as a Minotaur Berserker on Oct 13, 2023.
             Was a Priest of Trog.
             Slain by a wyvern (8 damage)
             ... on level 8 of the Dungeon.
             The game lasted 00:08:55 (4015 turns).

eliilek the Basher (Minotaur Berserker)             Turns: 4015, Time: 00:08:56

Health: -5/96      AC:  9    Str: 24    XL:     8   Next: 55%
Magic:  7/7        EV:  9    Int:  4    God:    Trog [***...]
Gold:   289        SH:  0    Dex: 10    Spells: 7/7 levels left

rFire   . . .        a - +2 flail (holy)
rCold   . . .        (no shield)
rNeg    . . .        f - +0 chain mail
rPois   .            (helmet restricted)
rElec   .            (no cloak)
rCorr   .            c - +0 pair of gloves
SInv    .            (no boots)
Will    .....        w - amulet of magic regeneration Stlth
                     (no ring)
HPRegen 0.36/turn    (no ring)
MPRegen 0.50/turn

%: no passive effects
@: berserking, very quick
A: horns 2, retaliatory headbutt
a: Renounce Religion, Berserk, Trog's Hand


You were on level 8 of the Dungeon.
You worshipped Trog.
Trog was most pleased with you.
You visited 1 branch of the dungeon, and saw 6 of its levels.

You collected 289 gold pieces.

Inventory:

Hand Weapons
 a - a +2 flail of holy wrath (weapon)
 b - a +0 sling
Missiles
 p - 3 datura-tipped darts (quivered)
 v - 3 poisoned darts
Armour
 c - a +0 pair of gloves (worn)
 f - a +0 chain mail (worn)
Jewellery
 w - an amulet of magic regeneration (around neck)
Scrolls
 e - 3 scrolls of enchant weapon {unknown}
 h - a scroll of noise {unknown}
 j - 2 scrolls of magic mapping {unknown}
 k - a scroll of fear {unknown}
 l - a scroll of fog {unknown}
 m - 8 scrolls of identify {unknown}
 q - a scroll of poison {unknown}
 s - a scroll of enchant armour {unknown}
 t - 3 scrolls of torment {unknown}
 u - a scroll of teleportation {unknown}
Potions
 d - 2 potions of heal wounds {unknown}
 g - 2 potions of mutation {unknown}
 i - a potion of resistance {unknown}
 n - 2 potions of degeneration {unknown}
 o - a potion of cancellation {unknown}
 r - a potion of berserk rage {unknown}


   Skills:
 - Level 3.6 Fighting
 * Level 13.2 Maces & Flails
 - Level 2.4 Armour
 - Level 2.1 Dodging


You had 7 spell levels left.
You didn't know any spells.
Your spell library was empty.

Dungeon Overview and Level Annotations

Branches:
Dungeon (5/15)             Temple (0/1) D:5            Lair (0/5) D:8

Altars:
Uskayaw
Xom


Innate Abilities, Weirdness & Mutations

You have a pair of horns on your head.
You reflexively headbutt those who attack you in melee.


Message History

The wolf bites you but does no damage. The wolf bites you.
You barely miss the wolf. The wolf bites you but does no damage.
You barely miss the wolf. The wolf bites you but does no damage.
You sock the wolf!
The wolf is heavily wounded.
The wolf bites you! The wolf bites you but does no damage.
You miss the wolf.
The wolf is heavily wounded.
The wolf closely misses you.
You hit the wolf.
The wolf is severely wounded.
The wolf bites you.
You hit the wolf.
The wolf is almost dead.
The wolf bites you.
You miss the wolf. Your headbutt misses the wolf.
The wolf is almost dead.
The wolf bites you but does no damage. The wolf completely misses you.
You furiously retaliate!
You headbutt the wolf!
You kill the wolf!
Trog accepts your kill.
Your Maces & Flails skill increases to level 13!
You closely miss the wyvern. Your headbutt misses the wyvern.
The wyvern is moderately wounded.
The wyvern bites you!
You closely miss the wyvern.
You headbutt the wyvern, but do no damage.
The wyvern is moderately wounded.
The wyvern bites you!
* * * LOW HITPOINT WARNING * * *
A red film seems to cover your vision as you go berserk!
You feel yourself moving faster!
You feel mighty! The wyvern barely misses you. The wyvern bites you!
* * * LOW HITPOINT WARNING * * *
You sock the wyvern!
The wyvern is almost dead.
You barely miss the wyvern.
The wyvern is almost dead.
The wyvern bites you!
You die...

#....## ###...##
#.#..# #.##)#
##.##.# #...#.#
#...#.# #...#÷#
#.@.#.##
##+###l##..#
#.....S.##.#
#.......##.###
#............#
.........)..#.#
..........†.#
............#
...########........


You could see a water moccasin and a wyvern.

Vanquished Creatures
  2 wyverns (D:8)
  A steam dragon (D:8)
  A water moccasin (D:8)
  A black bear (D:8)
  An ogre (D:4)
  2 wolves (D:8)
  A phantom (D:4)
  5 killer bees (D:8)
  2 jellies (D:5)
  An orc priest (D:4)
  Natasha (thrice) (D:3)
  2 orc wizards (D:4)
  A gnoll (D:1)
  8 adders
  A white imp (D:5)
  2 worms
  3 orcs
  7 ball pythons
  3 bats
  5 endoplasms
  6 giant cockroaches
  7 goblins
  6 hobgoblins
  7 jackals (D:3)
  7 kobolds
  4 quokkas
  3 frilled lizards
  7 rats
99 creatures vanquished.

Notes
Turn   | Place    | Note
-------+----------+-------------------------------------------
     0 | D:1      | eliilek the Minotaur Berserker began the quest for the Orb.
     0 | D:1      | Reached XP level 1. HP: 19/19 MP: 0/0
   225 | D:1      | Reached skill level 4 in Maces & Flails
   394 | D:1      | Reached XP level 2. HP: 23/26 MP: 1/1
   567 | D:1      | Reached skill level 5 in Maces & Flails
   739 | D:1      | Reached XP level 3. HP: 31/31 MP: 2/2
  1137 | D:2      | Reached skill level 6 in Maces & Flails
  1137 | D:2      | Reached XP level 4. HP: 39/39 MP: 3/3
  1508 | D:2      | Reached ** piety under Trog
  1784 | D:3      | Noticed Natasha
  1787 | D:3      | Found a faded altar of an unknown god.
  1793 | D:3      | Killed Natasha
  1794 | D:3      | Reached skill level 7 in Maces & Flails
  1794 | D:3      | Reached XP level 5. HP: 45/45 MP: 4/4
  1828 | D:3      | Noticed Natasha
  1833 | D:3      | Killed Natasha
  2498 | D:3      | Noticed Natasha
  2502 | D:3      | Killed Natasha
  2556 | D:4      | Noticed an ogre
  2570 | D:4      | Killed an ogre
  2571 | D:4      | Reached skill level 8 in Maces & Flails
  2571 | D:4      | Reached XP level 6. HP: 51/51 MP: 5/5
  2850 | D:4      | Reached skill level 9 in Maces & Flails
  2876 | D:4      | Reached *** piety under Trog
  2899 | D:4      | Found a shimmering altar of Xom.
  2946 | D:4      | Found a hide-covered altar of Uskayaw.
  3421 | D:5      | Entered Level 5 of the Dungeon
  3532 | D:5      | Reached XP level 7. HP: 48/57 MP: 6/6
  3572 | D:5      | Found a staircase to the Ecumenical Temple.
  3684 | D:5      | You fall into a shaft and drop 3 floors!
  3707 | D:8      | Reached skill level 10 in Maces & Flails
  3772 | D:8      | Noticed a steam dragon
  3782 | D:8      | Killed a steam dragon
  3783 | D:8      | Reached skill level 11 in Maces & Flails
  3861 | D:8      | Identified the +3 spear of Absolution {elec, Str+4}
  3862 | D:8      | Noticed a wyvern
  3869 | D:8      | Reached XP level 8. HP: 64/64 MP: 7/7
  3869 | D:8      | Found a staircase to the Lair.
  3882 | D:8      | Reached skill level 12 in Maces & Flails
  4011 | D:8      | Reached skill level 13 in Maces & Flails
  4013 | D:8      | HP: 3/96 [wyvern (8)]
  4015 | D:8      | Slain by a wyvern

Illustrated notes

Levels and vault maps discovered:
D:1:      ldierk_walled_garden_2, layout_basic
D:2:      layout_rooms
D:3:      layout_basic, basic_ecumenical_altar, uniq_natasha
D:4:      layout_gridville, mainiacjoe_overflow_large_starburst
D:5:      layout_loops_ring, temple_doors_cd, uniq_edmund,
          uniq_crazy_yiuf_cottage
D:8:      layout_basic, mainiacjoe_overflow_six_doors_small,
          minmay_lair_entry_grove

Skill      XL: |  1  2  3  4  5  6  7  8 |
---------------+-------------------------+-----
Maces & Flails | 4 5 6 7 8 9 11 13 | 13.2
Fighting       | |  3.6
Armour         | |  2.4
Dodging        | |  2.1

Action                     |  1- 3 |  4- 6 |  7- 9 || total
---------------------------+-------+-------+-------++-------
  Melee: Mace              |    31 |       |       ||    31
         Headbutt          |     8 |    25 |     6 ||    39
         Flail             |    24 |   150 |    53 ||   227
         Punch             |       |     2 |       ||     2
   Fire: Sling             |       |       |     5 ||     5
  Throw: Dart              |       |     1 |       ||     1
 Invoke: Berserk           |     1 |     1 |     3 ||     5
         Trog's Hand       |       |     1 |     1 ||     2
 Armour: Animal skin       |     3 |       |       ||     3
         Chain mail        |    30 |    87 |    26 ||   143
  Dodge: Dodged            |    30 |    56 |    32 ||   118
